 Dungeon Crawl Stone Soup version 0.18.1-50-g88ac8fd (webtiles) character file.

7779 Poliii the Blocker (level 11, -2/95 HPs)
             Began as a Minotaur Fighter on Oct 22, 2016.
             Was a High Priest of the Shining One.
             Slain by a nine-headed hydra (13 damage)
             ... on level 10 of the Dungeon.
             The game lasted 00:43:07 (10086 turns).

Poliii the Blocker (Minotaur Fighter)              Turns: 10086, Time: 00:43:07

Health: -2/95      AC: 11    Str: 24    XL:     11   Next: 1%
Magic:  8/10       EV: 12    Int:  5    God:    the Shining One [*****.]
Gold:   457        SH: 19    Dex: 10    Spells: 0 memorised, 10 levels left

rFire  . . .     SeeInvis .     a - +1 war axe
rCold  . . .     Gourm    .     b - +0 scale mail
rNeg   + + .     Faith    +     c - +1 shield
rPois  .         Spirit   .     (helmet restricted)
rElec  .         Dismiss  .     p - +0 cloak
rCorr  .         Reflect  .     n - +0 pair of gloves
SustAt +         Harm     .     (no boots)
MR     .....                    N - amulet of faith
Stlth  ..........               H - +2 ring of slaying
                                L - ring of sustain attributes

@: divine shield, glowing, not resistant to hostile enchantments, extremely
unstealthy
A: retaliatory headbutt, horns 2, screaming 1, no device heal 1
a: Divine Shield, Cleansing Flame, Summon Divine Warrior, Renounce Religion


You were on level 10 of the Dungeon.
You worshipped the Shining One.
The Shining One was extremely pleased with you.
You were not hungry.

You visited 2 branches of the dungeon, and saw 11 of its levels.

You collected 457 gold pieces.

Inventory:

Hand Weapons
 a - a +1 war axe (weapon)
Armour
 b - a +0 scale mail (worn)
 c - a +1 shield (worn)
 n - a +0 pair of gloves (worn)
 p - a +0 cloak (worn)
Jewellery
 d - an uncursed amulet of dismissal
 g - an uncursed ring of poison resistance
 i - an uncursed ring of fire {unknown}
 u - an uncursed ring of resist corrosion
 H - a +2 ring of slaying (right hand)
 L - a ring of sustain attributes (left hand)
 N - an amulet of faith (around neck)
Wands
 h - a wand of paralysis (13/24)
 s - a wand of confusion (31/48)
 t - a wand of flame (16/48)
 J - a wand of random effects (22/48)
 K - a wand of paralysis (8/24)
Scrolls
 e - 3 scrolls of teleportation
 l - 3 scrolls of fear
 m - 6 scrolls of identify
 r - 5 scrolls of amnesia
 w - 3 scrolls of remove curse
 x - 2 scrolls of fog
 y - 4 scrolls of enchant armour
 z - a scroll of enchant weapon
 A - a scroll of recharging
 G - a scroll of random uselessness
 P - a scroll of acquirement {unknown}
Potions
 j - 2 potions of brilliance
 k - a potion of cure mutation {unknown}
 q - a potion of haste {unknown}
 D - 2 potions of resistance
 E - a potion of curing
 M - a potion of invisibility {unknown}
 O - a potion of agility
 Q - a potion of heal wounds
Books
 F - Sif Muna's Grimoire of the Oath
   (You found it on level 5 of the Dungeon)

   Spells                             Type                      Level
   a - Corona                         Hexes                        1
Comestibles
 f - 3 bread rations
 o - 2 royal jellies
 v - 2 meat rations
 B - a beef jerky
 C - a chunk of flesh
 I - 2 fruits


   Skills:
 + Level 8.9 Fighting
 + Level 10.3 Axes
 + Level 9.0 Armour
 + Level 8.1 Dodging
 + Level 10.6 Shields


You had 10 spell levels left.
You didn't know any spells.

Dungeon Overview and Level Annotations

Branches:
Dungeon (10/15)            Temple (1/1) D:7             Orc (0/2) D:9
   Lair: D:8-11

Altars:
Ashenzari
Cheibriados
Dithmenos
Elyvilon
Fedhas
Gozag
Kikubaaqudgha
Makhleb
Nemelex Xobeh
Okawaru
Pakellas
Qazlal
Ru
Sif Muna
Trog
Vehumet
Xom
Yredelemnul
Zin
The Shining One

Shops:
D:9 :[?


Innate Abilities, Weirdness & Mutations

You reflexively headbutt those who attack you in melee.
You have a pair of horns on your head.
You occasionally shout uncontrollably at your foes.
Potions and wands are less effective at restoring your health.


Message History

You block the nine-headed hydra's attack.
The nine-headed hydra bites you.
* * * LOW HITPOINT WARNING * * *
You block the nine-headed hydra's attack.
The nine-headed hydra bites you!
* * * LOW HITPOINT WARNING * * *
The nine-headed hydra bites you.
* * * LOW HITPOINT WARNING * * *
The nine-headed hydra closely misses you. x2
Drink which item? (? for menu, Esc to quit)
You feel better. The nine-headed hydra bites you.
* * * LOW HITPOINT WARNING * * *
The nine-headed hydra completely misses you.
The nine-headed hydra bites you.
* * * LOW HITPOINT WARNING * * *
You block the nine-headed hydra's attack.
The nine-headed hydra bites you but does no damage.
You block the nine-headed hydra's attack.
The nine-headed hydra bites you!
You die...

... '....#.....#.......#...
..#+##....#.....#.......#...
#........#.....#.......#...
#........#.....#.......#...
#........#.....#.......#...
#........#.....#.......#...
#........'.....#.......#...
............#.....#.......#...
............#@....#.......#...
....####....#D....#.......#...
... ######.....#.......#... ##
#......#.....).#...
###'####.......#...
#####..............'...
#..................#...
#####..................#...
#......................#...


You could see a nine-headed hydra.

Vanquished Creatures
  The ghost of sheala the Thaumaturge, a novice DEWz of Sif Muna (D:10)
  Pikel (D:4)
  The ghost of SexyTroll44 the Shield-Bearer, a novice GrFi (D:6)
  Psyche (D:8)
  A komodo dragon (D:8)
  Grinder (D:4)
  A wyvern (D:9)
  2 hungry ghosts (D:9)
  9 yaks
  2 hill giant zombies (D:9)
  2 hippogriffs
  3 sky beasts
  An ice beast (D:8)
  A black bear (D:10)
  3 ogres
  A phantom (D:8)
  3 centaurs
  A big kobold (D:8)
  4 giant frogs
  A scorpion (D:9)
  6 howler monkeys
  2 troll zombies (D:9)
  4 wights (D:7)
  4 crimson imps
  4 giant frog zombies
  A quasit (D:5)
  6 orc priests
  A giant frog skeleton (D:5)
  7 hounds
  2 jellies
  7 orc wizards
  Jessica (D:3)
  Natasha (thrice) (D:2)
  An iguana (D:5)
  5 worker ants
  4 ogre zombies (D:9)
  A worker ant zombie (D:3)
  6 gnolls
  3 adders
  3 river rats (D:5)
  3 shadow imps
  2 oozes
  An adder skeleton (D:4)
  An adder zombie (D:7)
  A worm (D:6)
  3 giant geckos
  23 orcs
  9 giant cockroaches
  9 goblins
  7 hobgoblins
  18 jackals
  8 quokkas
  A ball python (D:3)
  5 bats
  5 giant newts
  2 goblin skeletons (D:9)
  3 goblin zombies (D:9)
  3 hobgoblin skeletons (D:9)
  2 hobgoblin zombies (D:9)
  A jackal skeleton (D:5)
  7 kobolds
  7 orc skeletons (D:9)
  8 orc zombies (D:9)
  A quokka skeleton (D:5)
  12 rats
  A plant (D:2)
254 creatures vanquished.

Vanquished Creatures (others)
  A very ugly thing (D:9)
  An adder (D:4)
  An adder skeleton (D:4)
  A giant gecko (D:4)
  A bush (D:9)
5 creatures vanquished.

Grand Total: 259 creatures vanquished

Notes
Turn   | Place    | Note
--------------------------------------------------------------
     0 | D:1      | Poliii the Minotaur Fighter began the quest for the Orb.
     0 | D:1      | Reached XP level 1. HP: 19/19 MP: 0/0
   225 | D:1      | Reached XP level 2. HP: 27/27 MP: 1/1
   570 | D:2      | Found an iron altar of Okawaru.
   679 | D:2      | Noticed Natasha
   681 | D:2      | Noticed a crimson imp
   683 | D:2      | Killed Natasha
   683 | D:2      | Reached XP level 3. HP: 28/33 MP: 2/2
   817 | D:2      | Noticed Natasha
   831 | D:2      | Killed Natasha
   831 | D:2      | Reached XP level 4. HP: 22/40 MP: 3/3
   984 | D:2      | Reached skill level 1 in Dodging
  1128 | D:2      | Reached skill level 5 in Shields
  1289 | D:2      | Noticed Natasha
  1294 | D:2      | Killed Natasha
  1403 | D:2      | Found a shadowy altar of Dithmenos.
  1751 | D:3      | Reached XP level 5. HP: 41/46 MP: 4/4
  1906 | D:3      | Noticed Jessica
  1920 | D:3      | Killed Jessica
  2618 | D:4      | Noticed Grinder
  2636 | D:4      | Paralysed by Grinder for 7 turns
  3045 | D:4      | Paralysed by Grinder for 5 turns
  3054 | D:4      | Reached XP level 6. HP: 40/53 MP: 5/5
  3054 | D:4      | Paralysed by Grinder for 5 turns
  3072 | D:4      | Killed Grinder
  3072 | D:4      | Reached skill level 5 in Armour
  3074 | D:4      | Reached XP level 7. HP: 17/60 MP: 6/6
  3122 | D:4      | Noticed Pikel
  3131 | D:4      | Killed Pikel
  3131 | D:4      | Reached skill level 5 in Fighting
  3131 | D:4      | Reached skill level 5 in Axes
  3408 | D:4      | Reached XP level 8. HP: 51/68 MP: 7/7
  3810 | D:5      | Entered Level 5 of the Dungeon
  3813 | D:5      | Found a glowing drain.
  4277 | D:5      | Found an ancient bone altar of Kikubaaqudgha.
  4290 | D:5      | Found a deep blue altar of Sif Muna.
  4294 | D:5      | Found a radiant altar of Vehumet.
  4322 | D:5      | Identified Sif Muna's Grimoire of the Oath
  4426 | D:5      | Reached skill level 5 in Dodging
  4837 | D:6      | Noticed SexyTroll44's ghost (novice GrFi)
  4880 | D:6      | Killed SexyTroll44's ghost
  4880 | D:6      | Reached XP level 9. HP: 11/78 MP: 8/8
  4966 | D:6      | Found a white marble altar of Elyvilon.
  4966 | D:6      | Found a glowing silver altar of Zin.
  4966 | D:6      | Found a glowing golden altar of the Shining One.
  5173 | D:6      | Became a worshipper of the Shining One
  5485 | D:7      | Gained mutation: Potions and wands are less effective at restoring your health. [mutagenic meat]
  5543 | D:7      | Found a shattered altar of Ashenzari.
  5745 | D:7      | Found a staircase to the Ecumenical Temple.
  5756 | Temple   | Entered the Ecumenical Temple
  6098 | D:7      | Reached * piety under the Shining One
  6779 | D:8      | Noticed a komodo dragon
  6789 | D:8      | HP: 3/78 [komodo dragon (25)]
  6792 | D:8      | Killed a komodo dragon
  7012 | D:8      | Noticed Psyche
  7024 | D:8      | Killed Psyche
  7781 | D:8      | Gained mutation: You occasionally shout uncontrollably at your foes. [mutagenic meat]
  7782 | D:8      | Gained mutation: Your magical capacity is low (-10% MP). [mutagenic meat]
  7783 | D:8      | Lost mutation: Your magical capacity is low (-10% MP). [mutagenic meat]
  7841 | D:8      | Reached XP level 10. HP: 86/86 MP: 9/9
  7991 | D:9      | Found Roylihal's Book Emporium.
  8001 | D:9      | Found Luguz's Antique Armour Emporium.
  8034 | D:9      | Reached ** piety under the Shining One
  8060 | D:9      | Reached *** piety under the Shining One
  8101 | D:9      | Found a staircase to the Orcish Mines.
  8106 | D:9      | Reached **** piety under the Shining One
  8170 | D:9      | Reached skill level 10 in Shields
  8498 | D:9      | Found an oddly glowing altar of Pakellas.
  8499 | D:9      | Noticed a red very ugly thing
  8513 | D:9      | Killed a red very ugly thing
  8536 | D:9      | Found Zuzerr's Book Emporium.
  8628 | D:9      | Found Raquy's Magic Scroll Boutique.
  9119 | D:10     | Entered Level 10 of the Dungeon
  9159 | D:10     | Reached ***** piety under the Shining One
  9284 | D:10     | Reached skill level 10 in Axes
  9357 | D:10     | Noticed sheala's ghost (novice DEWz)
  9371 | D:10     | Killed sheala's ghost
  9515 | D:10     | Noticed a four-headed hydra
  9896 | D:9      | Reached XP level 11. HP: 95/95 MP: 10/10
 10086 | D:10     | Slain by a nine-headed hydra

Skill      XL: |  1  2  3  4  5  6  7  8  9 10 |
---------------+-------------------------------+-----
Shields        | 4 5 6 7 8 9 10 | 10.6
Fighting       | 4 5 6 7 8 |  8.9
Armour         | 4 5 6 7 8 9 |  9.0
Axes           | 3 4 5 6 8 10 | 10.3
Dodging        | 1 2 3 4 5 6 8 |  8.1

Action                   |  1- 3 |  4- 6 |  7- 9 | 10-12 || total
-------------------------+-------+-------+-------+-------++-------
Melee: War axe           |    69 |   165 |   279 |   221 ||   734
       Headbutt          |    14 |    32 |    57 |    49 ||   152
Invok: Divine Shield     |       |       |       |     1 ||     1
  Use: Scroll            |     3 |     1 |     5 |     9 ||    18
       Potion            |     1 |     4 |     5 |     2 ||    12
  Eat: Chunk             |       |     6 |    16 |    11 ||    33
       Fruit             |       |       |     3 |       ||     3
       Beef jerky        |       |       |     1 |       ||     1
Armor: Scale mail        |    33 |    54 |    88 |    64 ||   239
Dodge: Dodged            |    25 |    41 |   108 |    79 ||   253
Block: Shield            |    39 |    68 |   181 |   145 ||   433
